 Dungeon Crawl Stone Soup version 0.31-a0-234-gad7ace16ef (webtiles) character file.

Game seed: 8141434925789851721

132 qw the Shooter (level 4, -18/37 HPs)
             Began as a Minotaur Hexslinger on July 9, 2023.
             Demolished by an ogre
             ... wielding a +0 giant spiked club
              (22 damage)
             ... on level 2 of the Dungeon.
             The game lasted 00:00:44 (1678 turns).

qw the Shooter (Minotaur Hexslinger)                Turns: 1678, Time: 00:00:44

Health: -18/37     AC:  6    Str: 12    XL:     4   Next: 92%
Magic:  4/4        EV: 11    Int: 10    God:
Gold:   88         SH:  0    Dex: 15    Spells: 4/5 levels left

rFire   . . .        Y - +1 sling
rCold   . . .        (no shield)
rNeg    . . .        j - +0 ring mail
rPois   .            (helmet restricted)
rElec   .            (no cloak)
rCorr   .            (no gloves)
SInv    .            i - +0 pair of boots
Will    .....        (no amulet)
Stlth   +            (no ring)
HPRegen 0.26/turn    (no ring)
MPRegen 0.09/turn

%: no passive effects
@: no status effects
A: horns 2, retaliatory headbutt
a: no special abilities


You were on level 2 of the Dungeon.
You visited 1 branch of the dungeon, and saw 2 of its levels.

You collected 88 gold pieces.


Innate Abilities, Weirdness & Mutations

You have a pair of horns on your head.
You reflexively headbutt those who attack you in melee.


   Skills:
 + Level 2.3 Fighting
 - Level 5.0 Ranged Weapons
 - Level 1.5 Armour
 - Level 2.1 Dodging
 - Level 1.0 Spellcasting
 - Level 2.0 Hexes


You had 4 spell levels left.
You knew the following spells:

 Your Spells              Type           Power      Damage    Failure   Level
a - Slow                  Hex            16%        N/A       32%         1

Your spell library contained the following spells:

 Spells                   Type           Power      Damage    Failure   Level
 Inner Flame              Hex/Fire       2%         N/A       83%         3
 Portal Projectile        Hex/Tloc       4%         N/A       83%         3
 Cause Fear               Hex            2%         N/A       97%         4

Inventory:

Hand Weapons
 Y - a +1 sling (weapon)
Armour
 i - a +0 pair of boots (worn)
 j - a +0 ring mail (worn)
Scrolls
 c - a scroll of teleportation {unknown}
 d - a scroll of fog {unknown}
Potions
 a - 2 potions of lignification {unknown}
 b - a potion of magic {unknown}
 e - a potion of mutation {unknown}
 g - a potion of brilliance {unknown}
 h - a potion of invisibility {unknown}
 k - a potion of might {unknown}

Dungeon Overview and Level Annotations

Branches:
Dungeon (2/15)

Altars:


Message History

The bat closely misses you.
You shoot a sling bullet.
The sling bullet closely misses the bat.
The bat hits you but does no damage.
You shoot a sling bullet. The sling bullet hits the bat.
You kill the bat!
You see here a +0 ring mail.
There is an escape hatch in the floor here.
You open the door.
There is an open door here.
There is an open door here.
You see here a +0 club.
An ogre comes into view. It is wielding a +0 giant spiked club.
The ogre shouts!
Enter note:
Enter note:
Enter note:
Enter note:
Enter note:
Enter note:
Enter note:
Enter note:
Enter note:
Enter note:
Enter note:
Enter note: You shoot a sling bullet.
The sling bullet hits the ogre.
The ogre is lightly wounded.
The ogre hits you with a +0 giant spiked club!
You shoot a sling bullet.
The sling bullet closely misses the ogre.
The ogre hits you with a +0 giant spiked club!!
You shoot a sling bullet. The sling bullet hits the ogre.
The ogre is lightly wounded.
The ogre misses you.
You shoot a sling bullet.
The sling bullet barely misses the ogre.
The ogre hits you with a +0 giant spiked club!!
Ouch! That really hurt!
You die...

#.~~~~~~~~.# #.#
#### ###%~~~~~~~..#
.# #.###...
#..%.~~~~~.... ..
#...#...
##...~~~~P.P.#. .#
###.....
..%.~~~~~~~... .#
#.#..#
.##.~P~~~P~.# .#
#.##..
.##...~~P~..# .#
##.##..
.##...~~~~..#####O#
#...#..
.###.~~~~~......@.#
#.....#
.###..~~~~.#.######
#...#.#
.....~~~~....#
#######
###..~~~P~.###
#..~~~~~.#
############
#.~~~~~..#
#...........
#..~~~~..#
#.#######..#
###.~~~~~~.# ###
#.# #####..#
.....~~~~..#
##.###.# #.......


You could see an ogre.

Vanquished Creatures
  4 gnolls (D:2)
  4 adders (D:2)
  A dart slug (D:2)
  4 endoplasms
  3 giant cockroaches
  2 hobgoblins (D:1)
  8 jackals
  A quokka (D:2)
  2 ball pythons
  7 bats
  3 frilled lizards
  4 goblins
  6 kobolds
  6 rats
55 creatures vanquished.

Notes
Turn   | Place    | Note
-------+----------+-------------------------------------------
     0 | D:1      | qw the Minotaur Hexslinger began the quest for the Orb.
     0 | D:1      | Reached XP level 1. HP: 16/16 MP: 1/1
     0 | D:1      | 0 ||| qw: Version: 0.3-a-51-g015441d
     0 | D:1      | 0 ||| qw: Game counter: 4273
     0 | D:1      | 0 ||| qw: Melee chars always use a shield: true
     0 | D:1      | 0 ||| qw: God list: Okawaru
     0 | D:1      | 0 ||| qw: Allow faded altars: false
     0 | D:1      | 0 ||| qw: Do Orc after clearing Dungeon:15 true
     0 | D:1      | 0 ||| qw: Do second Lair branch before Depths: true
     0 | D:1      | 0 ||| qw: Lair rune preference: random
     0 | D:1      | 0 ||| qw: Goals: Normal
     0 | D:1      | 0 ||| PLANNING D:1-11
    38 | D:1      | Reached skill level 3 in Ranged Weapons
    78 | D:1      | Reached XP level 2. HP: 23/23 MP: 2/2
   402 | D:1      | Reached XP level 3. HP: 29/29 MP: 3/3
   453 | D:1      | 453 ||| UPGRADING to +0 leather armour.
   463 | D:1      | 463 ||| DROPPING +0 robe.
   464 | D:1      | 464 ||| UPGRADING to +0 pair of boots.
   469 | D:1      | 469 ||| UPGRADING to +0 ring mail.
   479 | D:1      | 479 ||| DROPPING +0 leather armour.
   480 | D:1      | 480 ||| READING scroll labelled NUCWID XAISIZADD.
   581 | D:1      | 581 ||| READING scroll labelled QELLOA GERE.
   582 | D:1      | 582 ||| DROPPING scroll of poison.
   679 | D:2      | Reached skill level 4 in Ranged Weapons
   911 | D:2      | Reached skill level 1 in Armour
   919 | D:2      | Reached XP level 4. HP: 36/36 MP: 4/4
  1252 | D:2      | Reached skill level 5 in Ranged Weapons
  1674 | D:2      | Noticed an ogre
  1676 | D:2      | HP: 3/37 [ogre/+0 giant spiked club (18)]
  1678 | D:2      | Demolished by an ogre

Levels and vault maps discovered:
D:1:      dpeg_arrival_pits, layout_rooms
D:2:      layout_loops_corners, hangedman_decor_peaks_small, chequers_big_river,
          serial_park_tiny_1

Skill      XL: |  1  2  3  4 |
---------------+-------------+-----
Ranged Weapons | 3 4 5 |  5.0
Fighting       | 2 |  2.3
Armour         | 1 |  1.5
Dodging        | |  2.1
Spellcasting   | |  1.0
Hexes          | |  2.0

Action                     |  1- 3 |  4- 6 || total
---------------------------+-------+-------++-------
   Fire: Sling             |   113 |    80 ||   193
    Use: Scroll            |     2 |       ||     2
 Armour: Robe              |    12 |       ||    12
         Ring mail         |     2 |    26 ||    28
  Dodge: Dodged            |    29 |    37 ||    66

Table legend:
 A = Non-vault XP
 B = Vault XP
 C = Vault XP percentage of total XP
 D = Non-vault monster count
 E = Vault monster count
 F = Vault count percentage of total count
                 A         B        C        D         E       F
            +---------+---------+-------+---------+---------+-------
      Total |     189 |       0 |   0.0 |      55 |       0 |   0.0
            +---------+---------+-------+---------+---------+-------
        D:1 |      41 |       0 |   0.0 |      27 |       0 |   0.0
        D:2 |     148 |       0 |   0.0 |      28 |       0 |   0.0
            +---------+---------+-------+---------+---------+-------
